cohdb
Replays
Latest Replays
All Replays
Popular Replays
Top Player Replays
Match Explorer
How It Works
Community
CoH3 Stats
Reddit
Sign in to upload your games and track your stats! →
Sign in with Steam
Match 41792038
Unlisted
Match 41792038
Overview
Messages
Build Orders
End
Kradschützen Motorcycle Team
Panzerpioneer Squad
Panzergrenadier Squad
Selects Armored Support Battlegroup
Construct Light Support Kompanie
Panzergrenadier Squad
Construct Mechanized Kompanie
MG34 Team
Panzerjäger Mechanized Group
8 Rad Armored Car
Selects Veteran Gunners
254 Reconnaissance Tractor
Selects Flammpanzer III Medium Tank
Marder III Tank Destroyer
Selects Salvage Kits
Flammpanzer III Medium Tank
Vehicle Survival Package
Support Armor Elements
Selects Command Panzer IV F Medium Tank
StuG III D Assault Gun
Assault Mechanized Group
Emergency Repair Kits
Command Panzer IV F Medium Tank
(502) Bad Gateway
TidaL
0
0
Comments
sign in to comment!
No comments posted yet!